 Dungeon Crawl Stone Soup version 0.24.0-2-g5b39cebb1c (webtiles) character file.

Game seed: 1701302489524475194, levelgen mode: deterministic

1131 Paleolith the Magician (level 8, -2/41 HPs)
             Began as a Deep Elf Venom Mage on Oct 30, 2019.
             Was a Believer of Fedhas.
             Slain by an ice beast (8 damage)
             ... on level 7 of the Dungeon.
             The game lasted 00:44:59 (8993 turns).

Paleolith the Magician (Deep Elf Venom Mage)        Turns: 8993, Time: 00:45:01

Health: -2/41      AC:  6    Str:  5    XL:     8   Next: 13%
Magic:  11/20      EV: 14    Int: 23    God:    Fedhas [**....]
Gold:   261        SH:  0    Dex: 15    Spells: 5/20 levels left

rFire    . . .     SeeInvis .   d - +2 dagger (venom)
rCold    . . .     Gourm    .   (no shield)
rNeg     + . .     Faith    .   s - +1 robe {rN+}
rPois    .         Spirit   .   a - +0 helmet
rElec    .         Reflect  .   o - +1 cloak
rCorr    .         Harm     .   (no gloves)
MR       +....                  (no boots)
Stlth    +++.......             (no amulet)
HPRegen  0.13/turn              f - ring of protection from magic
MPRegen  0.17/turn              (no ring)

@: very slightly contaminated
A: no striking features
a: Wall of Briars, Renounce Religion


You were on level 7 of the Dungeon.
You worshipped Fedhas.
Fedhas was pleased with you.
You were hungry.

You visited 1 branch of the dungeon, and saw 7 of its levels.

You collected 261 gold pieces.

Inventory:

Hand Weapons
 d - a +2 dagger of venom (weapon)
Missiles
 g - 7 poisoned darts (quivered)
Armour
 a - a +0 helmet (worn)
 o - a +1 cloak (worn)
 s - a +1 robe of positive energy (worn)
Jewellery
 f - a ring of protection from magic (left hand)
Wands
 t - a wand of random effects (14)
 C - a wand of disintegration (14)
 D - a wand of iceblast (9)
 E - a wand of polymorph (10)
 F - a wand of enslavement (7)
Scrolls
 i - a scroll of noise
 k - a scroll of blinking {unknown}
 l - a scroll of enchant armour
 p - a scroll of remove curse
 q - 2 scrolls of enchant weapon
 r - a scroll of magic mapping
 v - 2 scrolls of teleportation
 w - a scroll of amnesia {unknown}
 x - a scroll of immolation {unknown}
 y - a scroll of random uselessness {unknown}
 B - 3 scrolls of fear
 G - a scroll of silence {unknown}
Potions
 b - 2 potions of brilliance
 e - a potion of flight {unknown}
 h - a potion of haste
 j - 2 potions of degeneration
 m - a potion of ambrosia {unknown}
 n - a potion of agility {unknown}
 z - a potion of magic {unknown}
 A - a potion of berserk rage {unknown}
Comestibles
 c - 8 rations


   Skills:
 + Level 3.0 Short Blades
 + Level 4.4 Dodging
 + Level 4.8 Stealth
 * Level 6.7 Spellcasting
 + Level 3.6 Conjurations
 + Level 1.8 Air Magic
 + Level 4.7 Poison Magic
 + Level 2.4 Invocations
 + Level 2.5 Evocations


You had 5 spell levels left.
You knew the following spells:

 Your Spells              Type           Power        Failure   Level  Hunger
a - Sting                 Conj/Pois      ####         1%          1    None
b - Poisonous Vapours     Pois/Air       ###...       3%          2    None
c - Mephitic Cloud        Conj/Pois/Air  ###.....     6%          3    None
d - Olgreb's Toxic Radia  Pois           ####....     12%         4    ###....
e - Conjure Flame         Conj/Fire      ###.....     11%         3    None
f - Call Imp              Summ           #.......     12%         2    None

Your spell library contained the following spells:

 Spells                   Type           Power        Failure   Level  Hunger
 Magic Dart               Conj           ###.         1%          1    None
 Blink                    Tloc           N/A          12%         2    None
 Slow                     Hex            #.......     12%         2    None
 Venom Bolt               Conj/Pois      ####......   36%         5    #####..


Dungeon Overview and Level Annotations

Branches:
Dungeon (7/15)
 Temple: D:4-7

Altars:
Fedhas
Gozag
Vehumet
Wu Jian
Zin


Message History

You hit the ice beast but do no damage.
The ice beast is heavily wounded.
The centaur zombie barely misses you.
You hit the ice beast.
The ice beast is heavily wounded.
The centaur zombie misses you. The ice beast barely misses you.
You hit the ice beast but do no damage.
The ice beast is heavily wounded.
The centaur zombie misses you. The ice beast barely misses you.
You hit the ice beast but do no damage.
The ice beast is severely wounded.
The centaur zombie hits you. The ice beast hits you. The ice beast freezes you!
* * * LOW HITPOINT WARNING * * *
You hit the ice beast but do no damage.
The ice beast is severely wounded.
The centaur zombie barely misses you. The ice beast hits you.
* * * LOW HITPOINT WARNING * * *
The ice beast freezes you!
You die...
Fedhas appreciates your contribution to the ecosystem.

#.....##.#.###.##.##..
#....(................
#.....................
#.................%...
##........<...........
#.[.†................
#....................
................YZ.....#
####............@.....|.
#................#...
#.##.....#......#..## ##
####...........##
#..........##
#..........#
...........#
...........#


You could see an ice beast and a centaur zombie.

Vanquished Creatures
  An ice beast (D:5)
  An ogre (D:4)
  A centaur (D:6)
  A scorpion (D:5)
  A howler monkey (D:4)
  A crimson imp (D:6)
  A bullfrog zombie (D:5)
  A hound (D:5)
  A jelly (D:5)
  An orc priest (D:5)
  An orc wizard (D:5)
  A bullfrog skeleton (D:6)
  3 centaur skeletons
  An iguana (D:5)
  3 worker ants
  A hound skeleton (D:4)
  A worker ant zombie (D:6)
  13 adders
  10 gnolls
  2 adder skeletons
  4 worms
  2 dart slugs (D:2)
  5 leopard geckos
  8 orcs
  9 bats
  6 giant cockroaches
  9 goblins
  2 hobgoblins
  13 jackals
  17 kobolds
  A quokka (D:3)
  5 ball pythons
  5 frilled lizards
  2 quokka skeletons
  13 rats
147 creatures vanquished.

Vanquished Creatures (collateral kills)
  A worker ant zombie (D:7)
1 creature vanquished.

Vanquished Creatures (others)
  7 toadstools (D:2)
7 creatures vanquished.

Grand Total: 155 creatures vanquished

Notes
Turn   | Place    | Note
-------+----------+-------------------------------------------
     0 | D:1      | Paleolith the Deep Elf Venom Mage began the quest for the
                  | Orb.
     0 | D:1      | Reached XP level 1. HP: 10/10 MP: 6/6
   111 | D:1      | Reached XP level 2. HP: 11/15 MP: 8/8
   358 | D:1      | Learned a level 2 spell: Poisonous Vapours
   818 | D:1      | Reached XP level 3. HP: 19/19 MP: 5/10
   837 | D:1      | Reached skill level 1 in Short Blades
  1276 | D:2      | Learned a level 3 spell: Mephitic Cloud
  1795 | D:2      | Reached XP level 4. HP: 24/24 MP: 11/11
  1821 | D:2      | Learned a level 4 spell: Olgreb's Toxic Radiance
  1922 | D:2      | Reached skill level 4 in Spellcasting
  2734 | D:3      | Found a blossoming altar of Fedhas.
  2766 | D:3      | Became a worshipper of Fedhas Madash
  3015 | D:3      | Found an ornate altar of the Wu Jian Council.
  3015 | D:3      | Found a glowing silver altar of Zin.
  3280 | D:3      | Reached XP level 5. HP: 28/28 MP: 10/13
  3630 | D:4      | Noticed an ogre
  3642 | D:4      | Killed an ogre
  4200 | D:4      | Reached skill level 5 in Spellcasting
  4200 | D:4      | Reached skill level 1 in Evocations
  4200 | D:4      | Reached XP level 6. HP: 27/32 MP: 12/15
  4252 | D:4      | Found an opulent altar of Gozag.
  4409 | D:4      | Reached skill level 1 in Invocations
  4814 | D:4      | Reached * piety under Fedhas
  5341 | D:5      | Entered Level 5 of the Dungeon
  5603 | D:5      | Reached XP level 7. HP: 19/36 MP: 7/17
  6052 | D:5      | Found a radiant altar of Vehumet.
  6408 | D:5      | Reached skill level 1 in Air Magic
  6519 | D:5      | Reached skill level 6 in Spellcasting
  7795 | D:6      | Reached ** piety under Fedhas
  8125 | D:6      | Reached XP level 8. HP: 26/41 MP: 19/19
  8370 | D:6      | Learned a level 3 spell: Conjure Flame
  8401 | D:6      | Learned a level 2 spell: Call Imp
  8993 | D:7      | Slain by an ice beast

Levels and vault maps discovered:
D:1:      ncdulo_lavacross, layout_basic, lexackson_kobold_supper
D:2:      cheibrodos_fertilizer, layout_basic
D:3:      layout_loops_ring, fedhas_altar_fruit_tree,
          chequers_temple_overflow_statue_of_worship
D:4:      layout_gridville, marbit_many_paths, first_ration,
          kennysheep_generic_room_14
D:5:      layout_loops_corners, lemuel_doored_altar
D:6:      layout_loops_ring, portal_sewer_entry_d
D:7:      layout_rooms, temple_fountains, grunt_livestock

Skill      XL: |  1  2  3  4  5  6  7  8 |
---------------+-------------------------+-----
Short Blades   | 1 2 3 |  3.0
Stealth        | 3 4 |  4.8
Spellcasting   | 4 5 6 |  6.7
Dodging        | 3 4 |  4.4
Conjurations   | 2 3 |  3.6
Poison Magic   | 4 |  4.7
Evocations     | 1 2 |  2.5
Invocations    | 1 2 |  2.4
Air Magic      | 1 |  1.8

Action                   |  1- 3 |  4- 6 |  7- 9 || total
-------------------------+-------+-------+-------++-------
Melee: Dagger            |    85 |   139 |   198 ||   422
Throw: Dart              |     2 |       |       ||     2
 Cast: Sting             |    14 |    19 |     7 ||    40
       Poisonous Vapours |    10 |     2 |       ||    12
       Mephitic Cloud    |     1 |    13 |       ||    14
       Olgreb's Toxic Ra |       |     5 |    12 ||    17
       Call Imp          |       |       |     6 ||     6
Evoke: Wand              |       |     1 |     2 ||     3
  Use: Scroll            |     2 |     3 |     5 ||    10
       Potion            |     2 |     1 |     3 ||     6
 Stab: Sleeping          |     2 |     3 |     3 ||     8
       Confused          |       |     4 |       ||     4
       Distracted        |       |       |     1 ||     1
  Eat: Ration            |     1 |     3 |     2 ||     6
       Chunk             |       |     4 |     4 ||     8
Armor: Robe              |    33 |    31 |    61 ||   125
       Skin              |       |     2 |       ||     2
Dodge: Dodged            |    87 |    97 |   151 ||   335
